[Event "Titled Tuesday Blitz June 13 Early 2023"]
[White "Rios Escobar, Adan"]
[Black "Shukhman, Anna"]
[WhiteFideId "3403645"]
[BlackFideId "54180058"]
[WhiteElo "2463"]
[BlackElo "2235"]
[Result "1/2-1/2"]
[Round "11"]
[TimeControl "180+2"]
[Date "2023.06.13"]
[WhiteClock "0:00:03"]
[BlackClock "0:00:03"]
[Board "83"]

1. d4 Nf6 2. g3 g6 3. Bg2 Bg7 4. e4 O-O 5. Ne2 c5 6. dxc5 Qa5+ 7. Nbc3 Qxc5 8. Be3 Qc7 9. h3 a6 10. O-O Nc6 11. f4 d6 12. Kh2 b5 13. a3 Bb7 14. Qd2 Rad8 15. Rad1 b4 16. axb4 Nxb4 17. Nd4 Nc6 18. Qf2 Nxd4 19. Bxd4 Qc4 20. e5 dxe5 21. fxe5 Bxg2 22. exf6 Bxf6 23. Kxg2 Bxd4 24. Qf4 Qc6+ 25. Kh2 e5 26. Qf3 Qxf3 27. Rxf3 f5 28. Rfd3 Rb8 29. Na4 Bxb2 30. Nxb2 Rxb2 31. Rc3 Rf7 32. Rd6 f4 33. gxf4 exf4 34. Rxa6 f3 35. Ra1 Rb5 36. Rf1 f2 37. Kg2 Rg5+ 38. Rg3 Rc5 39. c3 Rfc7 40. Rc1 Rf5 41. Rf1 Rcf7 42. Rd3 Kg7 43. Rd2 Rf3 44. Rc2 g5 45. Rfxf2 Rxf2+ 46. Rxf2 Rc7 47. Rc2 Rc4 48. Kf3 Kg6 49. Ke3 Rh4 50. c4 Rxh3+ 51. Kd4 Rh1 52. c5 Rd1+ 53. Ke5 h5 54. c6 Rd8 55. Ke4 h4 56. c7 Rc8 57. Kf3 Kh5 58. Rc5 Rf8+ 59. Kg2 Rc8 60. Kf3 Rf8+ 61. Kg2 Rc8 62. Kf3 1/2-1/2


[Site "https://www.chess.com"]

[Event "Titled Tuesday Blitz June 13 Early 2023"]
[White "De La Villa Garcia, Jesus Maria"]
[Black "Girya, Olga"]
[WhiteFideId "2200040"]
[BlackFideId "4195752"]
[WhiteElo "2463"]
[BlackElo "2263"]
[Result "1-0"]
[Round "11"]
[TimeControl "180+2"]
[Date "2023.06.13"]
[WhiteClock "0:00:02"]
[BlackClock "0:00:06"]
[Board "84"]

1. c4 Nf6 2. Nc3 e5 3. Nf3 Nc6 4. g3 Bb4 5. Nd5 Bc5 6. b4 Nxd5 7. bxc5 Nf6 8. Bg2 Qe7 9. Ba3 b6 10. d4 exd4 11. Nxd4 Nxd4 12. Bxa8 bxc5 13. O-O c6 14. Rb1 Nxe2+ 15. Kh1 Nc3 16. Qc1 Nxb1 17. Re1 Ne4 18. Qxb1 f5 19. f3 O-O 20. fxe4 fxe4 21. Rxe4 Qd6 22. Qe1 Ba6 23. Re8 Bxc4 24. Bb2 Bd5+ 25. Kg1 Be6 26. Rxf8+ Qxf8 27. Bb7 Bd5 28. Qe5 Bc4 29. Qe1 h6 30. Qc1 Qf7 31. Bc8 Bxa2 32. Ba6 Bd5 33. Qc3 c4 34. Qe5 Kh7 35. Bc8 a5 36. h4 a4 37. h5 a3 38. Ba1 a2 39. g4 Be6 40. Qe4+ Kg8 41. Ba6 c3 42. Bd3 Bd5 43. Qh7+ Kf8 44. Bxc3 Qf3 45. Qxg7+ Ke8 46. Bg6+ Kd8 47. Qf6+ Qxf6 48. Bxf6+ Kc7 49. Kf2 Be6 50. Kg3 d5 51. Bd4 c5 52. Be5+ Kc6 53. g5 d4 54. gxh6 a1=Q 55. h7 Qg1+ 56. Kf4 Qh2+ 57. Ke4 Bd5+ 58. Kf5 Qh3+ 59. Kf6 Qc8 60. Kg5 c4 61. Bxd4 c3 62. Bxc3 Kd6 63. h8=Q Qxh8 64. Bxh8 Bg8 65. Bf6 Ke6 66. h6 Kd7 67. h7 Bxh7 68. Bxh7 Ke6 69. Bf5+ Kd5 70. Kf4 Kd6 71. Be5+ Kd5 72. Be4+ Kc4 73. Ke3 Kc5 74. Bd4+ Kc4 75. Bd3+ Kd5 76. Bc3 Kc5 77. Bf1 Kd5 78. Bd4 Ke6 79. Ke4 Kd6 80. Bb5 Ke6 81. Ba4 Kd6 82. Bb3 Kc6 83. Bd5+ Kd6 84. Be3 Kd7 85. Ke5 Ke7 86. Be6 Ke8 87. Kf6 Kd8 88. Bb6+ Ke8 89. Bc7 Kf8 90. Bd7 Kg8 91. Bd6 Kh8 92. Be6 Kh7 93. Bf8 Kh8 94. Bf7 Kh7 95. Be8 Kg8 96. Bg7 Kh7 97. Bd7 Kg8 98. Bg4 Kh7 99. Bh5 Kg8 100. Bf7+ Kh7 101. Bf8 Kh8 102. Bd6 Kh7 103. Be5 Kh8 104. Kg6# 1-0


[Site "https://www.chess.com"]

[Event "Titled Tuesday Blitz June 13 Early 2023"]
[White "Parondo, Rolly"]
[Black "Bagwe Gaurang"]
[WhiteFideId "5217407"]
[BlackFideId "45039895"]
[WhiteElo "2141"]
[BlackElo "1847"]
[Result "1-0"]
[Round "11"]
[TimeControl "180+2"]
[Date "2023.06.13"]
[WhiteClock "0:00:16"]
[BlackClock "0:00:00"]
[Board "85"]

1. d4 d5 2. Bf4 h5 3. Nf3 f6 4. Qd3 Be6 5. Nc3 Nd7 6. e4 c6 7. O-O-O Nb6 8. exd5 Nxd5 9. Nxd5 Bxd5 10. Kb1 Qd7 11. h4 Nh6 12. Nd2 Ng4 13. Bg3 Bf7 14. f3 Nh6 15. Bf2 Rd8 16. Ne4 e6 17. Be2 b6 18. Rhe1 Be7 19. g4 hxg4 20. fxg4 c5 21. g5 Nf5 22. Qb3 e5 23. Bc4 Bxc4 24. Qxc4 cxd4 25. gxf6 gxf6 26. a3 Qd5 27. Qd3 Kd7 28. Nxf6+ Bxf6 29. Qxf5+ Qe6 30. Rxd4+ Ke7 31. Qxe6+ Kxe6 32. Rde4 Kf5 33. Bg3 Rd5 34. c4 Rd4 35. Rxd4 exd4 36. Kc2 Rg8 37. Rf1+ Ke6 38. Bf2 Rg2 39. Kd3 Rh2 40. Bxd4 Rh3+ 41. Be3 Bxb2 42. Ke4 Bxa3 43. Bg5 Be7 44. Kf4 Bd6+ 45. Kg4 Rg3+ 46. Kh5 a5 47. Re1+ Kd7 48. Rd1 Kc6 49. Rxd6+ Kxd6 50. Bf4+ Ke6 51. Bxg3 a4 52. Be1 a3 53. Bc3 a2 54. Kg6 1-0


[Site "https://www.chess.com"]

[Event "Titled Tuesday Blitz June 13 Early 2023"]
[White "Matveeva, Olga"]
[Black "Pinheiro, Iung Alicio de O."]
[WhiteFideId "24107018"]
[BlackFideId "2104350"]
[WhiteElo "2009"]
[BlackElo "2283"]
[Result "0-1"]
[Round "11"]
[TimeControl "180+2"]
[Date "2023.06.13"]
[WhiteClock "0:00:03"]
[BlackClock "0:00:14"]
[Board "86"]

1. d4 Nf6 2. c4 e6 3. g3 d5 4. Nf3 Be7 5. Bg2 O-O 6. O-O dxc4 7. Qc2 b5 8. a4 b4 9. Nbd2 Bb7 10. Nxc4 c5 11. Rd1 Nbd7 12. dxc5 Be4 13. Qd2 Nxc5 14. Qe1 Qc7 15. Bf4 Qc6 16. Nfe5 Qb7 17. Na5 Qb6 18. Nac4 Qb7 19. Na5 Qa6 20. Bxe4 Ncxe4 21. Nac6 Bc5 22. e3 g5 23. f3 gxf4 24. fxe4 Bxe3+ 25. Kh1 Nxe4 26. gxf4 Nf2+ 27. Kg2 Nxd1 28. Rxd1 Bxf4 29. Kh1 Bxe5 30. Nxe5 Qb7+ 31. Kg1 Kh8 32. Rd3 Rg8+ 33. Rg3 Rxg3+ 34. hxg3 Rd8 35. Qf2 Kg7 36. Kh2 Rd1 37. Nf3 Qd5 38. Qe2 f6 39. Kg2 e5 40. Kf2 e4 41. Nh4 Rd2 0-1


[Site "https://www.chess.com"]

[Event "Titled Tuesday Blitz June 13 Early 2023"]
[White "Malyi, Viacheslav"]
[Black "Chandreyee, Hajra"]
[WhiteFideId "14123983"]
[BlackFideId "5056535"]
[WhiteElo "2291"]
[BlackElo "1725"]
[Result "1-0"]
[Round "11"]
[TimeControl "180+2"]
[Date "2023.06.13"]
[WhiteClock "0:00:16"]
[BlackClock "0:00:07"]
[Board "87"]

1. e4 e6 2. d4 d5 3. Nc3 Nf6 4. Bg5 dxe4 5. Nxe4 Be7 6. Bxf6 gxf6 7. Nf3 f5 8. Nc3 c5 9. d5 Bf6 10. Bb5+ Bd7 11. Qe2 Bxb5 12. Qxb5+ Qd7 13. Qxd7+ Nxd7 14. dxe6 Bxc3+ 15. bxc3 fxe6 16. O-O-O Rg8 17. g3 Nb6 18. Rhe1 Ke7 19. Nh4 Rgf8 20. Nf3 h6 21. Ne5 Rfd8 22. h4 Rxd1+ 23. Rxd1 Nd5 24. c4 Nf6 25. Ng6+ Kf7 26. Ne5+ Ke7 27. a4 h5 28. Ng6+ Kf7 29. Ne5+ Ke7 30. a5 Rd8 31. Ng6+ Ke8 32. Rxd8+ Kxd8 33. Nf4 Kd7 34. Kd2 e5 35. Nd5 Ne4+ 36. Ke3 Nd6 37. Kd3 Ke6 38. f3 f4 39. gxf4 exf4 40. Nxf4+ Kf5 41. Nxh5 Nf7 42. Ng7+ Kf4 43. Ne6+ Kxf3 44. Nxc5 b6 45. axb6 axb6 46. Nd7 Kg4 47. Nxb6 Kxh4 48. Kd4 Kg5 49. Kd5 Kf6 50. Nc8 Nd8 51. c5 Kf7 52. Kd6 Ke8 53. c4 Nf7+ 54. Kc6 Ne5+ 55. Kb5 Kd7 56. Nb6+ Kc7 57. Nd5+ Kc8 58. c6 Nd3 59. Kb6 Ne5 60. Ne7+ Kd8 61. c7+ Kxe7 62. c8=Q Nxc4+ 63. Qxc4 Kd6 64. Qf1 1-0


[Site "https://www.chess.com"]

[Event "Titled Tuesday Blitz June 13 Early 2023"]
[White "Miller, Luke C"]
[Black "Palencia Morales, Wilson Guillermo"]
[WhiteFideId "2096935"]
[BlackFideId "4401859"]
[WhiteElo "1836"]
[BlackElo "2144"]
[Result "0-1"]
[Round "11"]
[TimeControl "180+2"]
[Date "2023.06.13"]
[WhiteClock "0:00:05"]
[BlackClock "0:00:35"]
[Board "88"]

1. e4 c5 2. Nf3 d6 3. d4 cxd4 4. Nxd4 Nf6 5. Nc3 g6 6. Be3 Bg7 7. f3 O-O 8. Qd2 Nc6 9. g4 Nxd4 10. Bxd4 Be6 11. O-O-O Qa5 12. a3 Rfc8 13. h4 Rab8 14. h5 b5 15. hxg6 fxg6 16. e5 b4 17. exf6 bxc3 18. Bxc3 Rxc3 19. Qxc3 Qg5+ 20. Qd2 Qxf6 21. c3 Qxf3 22. Bg2 Qxg4 23. Bh3 Qc4 24. Bxe6+ Qxe6 25. Qd5 Qxd5 26. Rxd5 Bf6 27. Ra5 Rb7 28. Kc2 h5 29. b4 Rc7 30. Rh3 h4 31. Kb3 g5 32. c4 g4 33. Rh1 Kf7 34. Rh5 Kg6 35. R5xh4 Bxh4 36. Rxh4 Kg5 37. Rh8 e5 38. Kc3 Rg7 39. c5 dxc5 40. bxc5 g3 41. Rh1 g2 42. Rg1 Kf4 43. Kc4 e4 44. c6 e3 45. Kd3 Kf3 0-1


[Site "https://www.chess.com"]

[Event "Titled Tuesday Blitz June 13 Early 2023"]
[White "Kopczynski, Michal"]
[Black "Toncheva, Nadya"]
[WhiteFideId "1124200"]
[BlackFideId "2924056"]
[WhiteElo "2212"]
[BlackElo "2101"]
[Result "0-1"]
[Round "11"]
[TimeControl "180+2"]
[Date "2023.06.13"]
[WhiteClock "0:00:07"]
[BlackClock "0:00:18"]
[Board "89"]

1. e4 c5 2. d4 Nc6 3. d5 Nb8 4. f4 g6 5. Nf3 Bg7 6. Be2 d6 7. O-O e6 8. dxe6 Bxe6 9. f5 gxf5 10. exf5 Bxf5 11. Ng5 Bg6 12. Bc4 Nf6 13. Nc3 O-O 14. Bf4 Ne8 15. a4 Nc6 16. Nd5 Nc7 17. Nxc7 Bd4+ 18. Kh1 Qxc7 19. Qg4 Bg7 20. Rad1 Rad8 21. Qg3 Ne5 22. Bd5 Kh8 23. Qh4 Nc6 24. h3 Nd4 25. g4 Rde8 26. c3 Ne2 27. Bxd6 Qxd6 28. Bxf7 Qc6+ 29. Bd5 Qc7 30. Rxf8+ Rxf8 31. Kg2 Nf4+ 32. Kg1 Nxd5 33. Rxd5 Qf4 34. Rd1 Qe3+ 35. Kg2 Be4+ 36. Nxe4 Qxe4+ 37. Kg1 Qe3+ 38. Kg2 Qe2+ 39. Kg3 Qxd1 0-1


[Site "https://www.chess.com"]

[Event "Titled Tuesday Blitz June 13 Early 2023"]
[White "Fernandez Siles, Luis"]
[Black "Zavgorodniy, Sergiy"]
[WhiteFideId "2209420"]
[BlackFideId "14110148"]
[WhiteElo "2195"]
[BlackElo "2402"]
[Result "0-1"]
[Round "11"]
[TimeControl "180+2"]
[Date "2023.06.13"]
[WhiteClock "0:00:00"]
[BlackClock "0:01:50"]
[Board "90"]

1. d4 d5 2. c4 dxc4 3. Nf3 Nf6 4. e3 e6 5. Bxc4 a6 6. a4 c5 7. O-O Nc6 8. Qe2 cxd4 9. Rd1 Be7 10. exd4 O-O 11. Nc3 Nb4 12. Ne5 Bd7 13. d5 exd5 14. Nxd5 Nfxd5 15. Bxd5 Nxd5 16. Rxd5 Bg4 17. Qd2 Qxd5 18. Qxd5 Rad8 19. Qxd8 Rxd8 20. Be3 Rd1+ 21. Rxd1 Bxd1 22. a5 Bb4 23. Bb6 Ba4 24. Nd3 Bd6 25. f3 Kf8 26. Kf2 Ke7 27. g3 Bb5 28. Nc5 Bc6 29. Ke3 f5 30. f4 h6 31. Nd3 Ke6 32. Kd4 g5 33. Bc5 Bc7 34. b4 Bb5 35. Ne5 h5 36. Bb6 Bd6 37. Bc5 Bb8 38. Bf8 h4 39. Bh6 Ba7+ 40. Kc3 hxg3 41. hxg3 g4 42. Bg5 Bf2 43. Bh4 Be1+ 44. Kb3 Kd5 45. Ng6 Ke4 46. Ne7 Bd7 47. Ng6 Be6+ 48. Ka3 Kf3 49. Ne5+ Kg2 50. Nd3 Bxg3 51. Bg5 Bd5 52. b5 axb5 53. Kb4 Be4 54. Nc5 Bc6 55. Nd3 Kf1 56. Ne5 Be8 0-1


[Site "https://www.chess.com"]

[Event "Titled Tuesday Blitz June 13 Early 2023"]
[White "Chernomordik, Pavel"]
[Black "Corredor Castellanos, Camilo"]
[WhiteFideId "2804530"]
[BlackFideId "4425871"]
[WhiteElo "2193"]
[BlackElo "1994"]
[Result "1/2-1/2"]
[Round "11"]
[TimeControl "180+2"]
[Date "2023.06.13"]
[WhiteClock "0:00:03"]
[BlackClock "0:00:23"]
[Board "91"]

1. e4 e5 2. Nf3 Nc6 3. Bb5 a6 4. Ba4 Nf6 5. Qe2 b5 6. Bb3 Bc5 7. a4 Rb8 8. axb5 axb5 9. d3 O-O 10. Bg5 d6 11. h3 Be6 12. Nbd2 Ne7 13. Bxf6 gxf6 14. Nh4 Ng6 15. Nf5 d5 16. g3 Kh8 17. h4 Ne7 18. Ne3 dxe4 19. dxe4 Rg8 20. Qf3 Nc6 21. c3 b4 22. Bd5 bxc3 23. bxc3 Bxd5 24. Nxd5 Rb2 25. Ra6 Bb6 26. Qxf6+ Qxf6 27. Nxf6 Rd8 28. Nd5 f5 29. f3 fxe4 30. fxe4 Rg8 31. Rh3 Rf8 32. g4 Na5 33. Nxb6 cxb6 34. Rf3 Rxf3 35. Nxf3 Rc2 36. Nxe5 Rxc3 37. Ra7 Re3+ 38. Kf2 Rxe4 39. Nf7+ Kg8 40. Nh6+ Kf8 41. Kf3 Rc4 42. Nf5 Nc6 43. Rxh7 Ne5+ 44. Ke3 Nxg4+ 45. Kd3 Ne5+ 46. Ke3 Nf7 47. Rxf7+ Kxf7 48. Nd6+ Kg6 49. Nxc4 Kh5 50. Kf4 Kxh4 51. Nxb6 1/2-1/2


[Site "https://www.chess.com"]

[Event "Titled Tuesday Blitz June 13 Early 2023"]
[White "Hoffmann, Asa"]
[Black "brm72"]
[WhiteFideId "2001470"]
[WhiteElo "2117"]
[BlackElo "2529"]
[Result "0-1"]
[Round "11"]
[TimeControl "180+2"]
[Date "2023.06.13"]
[WhiteClock "0:00:35"]
[BlackClock "0:00:24"]
[Board "92"]

1. d4 Nf6 2. Bg5 Ne4 3. Bf4 d5 4. f3 Nf6 5. e4 dxe4 6. Nc3 exf3 7. Nxf3 Bg4 8. h3 Bxf3 9. Qxf3 c6 10. O-O-O e6 11. Bc4 Nbd7 12. Rhe1 Be7 13. Ne4 Nxe4 14. Rxe4 Nf6 15. Re2 O-O 16. g4 Nd5 17. Bd2 Bg5 18. Bd3 Bxd2+ 19. Rdxd2 b5 20. Qe4 g6 21. Rf2 a5 22. Qf3 a4 23. a3 b4 24. axb4 Nxb4 25. Bc4 a3 26. bxa3 Nd5 27. Rd3 Qg5+ 28. Kd1 Rab8 29. Bb3 Ra8 30. a4 Nb4 31. Rdd2 c5 32. Qf4 Qe7 33. Rfe2 cxd4 34. Rxd4 Rad8 35. Red2 Nc6 36. Rxd8 Rxd8 37. Rxd8+ Qxd8+ 38. Qd2 Qf6 39. Ke2 Qe5+ 40. Qe3 Qb2 41. Kd3 Nb4+ 42. Kd2 Nd5 43. Bxd5 exd5 44. Qb3 Qd4+ 45. Kc1 Qa1+ 46. Kd2 Qd4+ 47. Kc1 f5 48. gxf5 gxf5 49. Qf3 f4 50. a5 Qa1+ 51. Kd2 Qxa5+ 52. Kd3 Qb5+ 53. Kd2 Qb4+ 54. Kd3 Qc4+ 55. Kd2 Qd4+ 56. Kc1 Qe3+ 57. Qxe3 fxe3 58. Kd1 d4 59. Ke2 Kf7 60. c3 dxc3 61. Kxe3 Kg6 62. Kd3 Kg5 63. Kxc3 Kh4 64. Kd2 Kxh3 65. Ke2 Kg2 66. Ke3 h5 67. Kf4 h4 68. Kg4 h3 0-1


[Site "https://www.chess.com"]

[Event "Titled Tuesday Blitz June 13 Early 2023"]
[White "Acikel, Mert"]
[Black "Horak, Martin"]
[WhiteFideId "12956465"]
[BlackFideId "367095"]
[WhiteElo "2097"]
[BlackElo "2091"]
[Result "0-1"]
[Round "11"]
[TimeControl "180+2"]
[Date "2023.06.13"]
[WhiteClock "0:00:08"]
[BlackClock "0:00:05"]
[Board "94"]

1. e4 c5 2. Nf3 a6 3. c4 Nc6 4. d4 cxd4 5. Nxd4 e5 6. Nf3 Nf6 7. Nc3 Bb4 8. Bd3 O-O 9. O-O Bxc3 10. bxc3 d6 11. h3 Qc7 12. Be3 Be6 13. Rb1 Nd7 14. Qe2 Na5 15. Nd2 Nc5 16. Bxc5 Qxc5 17. Rb4 Rac8 18. Nb3 Qc7 19. Nxa5 Qxa5 20. Rfb1 Rc7 21. R1b3 Rfc8 22. Rb6 Rxc4 23. Rxb7 Rxc3 24. Rxc3 Qxc3 25. Bxa6 g6 26. Bd3 Qa1+ 27. Kh2 Qxa2 28. Qxa2 Bxa2 29. Rb6 Rd8 30. Ra6 Be6 31. f3 g5 32. Kg3 Kg7 33. Rb6 h5 34. Bb5 Kf6 35. Rb7 h4+ 36. Kf2 Rc8 37. Ke3 Rc2 38. Be2 Rc3+ 39. Kf2 Rb3 40. Rc7 Rb2 41. Ke3 Rb3+ 42. Kf2 Rb4 43. Rc6 Rd4 44. Ra6 Ke7 45. Rb6 Kd7 46. Ke3 Kc7 47. Rb2 Kc6 48. Rb8 Kc7 49. Rg8 f6 50. Rf8 Ra4 51. Rxf6 Ra3+ 52. Kf2 Bd7 53. Rg6 Ra2 54. Ke3 Ra3+ 55. Kf2 Ra2 56. Ke1 Ra1+ 57. Kd2 Ra2+ 58. Kd3 Bb5+ 59. Kc3 Rxe2 60. Rxg5 Kc6 61. Rg4 Rf2 62. Rxh4 Rxg2 63. Rh6 Rg3 64. Rf6 Rxh3 65. Kb4 Be2 0-1


[Site "https://www.chess.com"]

[Event "Titled Tuesday Blitz June 13 Early 2023"]
[White "Kubicka, Anna"]
[Black "Jaivardhan Raj"]
[WhiteFideId "1152254"]
[BlackFideId "25744437"]
[WhiteElo "2144"]
[BlackElo "1772"]
[Result "1-0"]
[Round "11"]
[TimeControl "180+2"]
[Date "2023.06.13"]
[WhiteClock "0:00:20"]
[BlackClock "0:00:00"]
[Board "95"]

1. e4 c5 2. Ne2 Nc6 3. g3 e6 4. Bg2 d5 5. exd5 exd5 6. d4 cxd4 7. Nxd4 Bc5 8. Nb3 Be6 9. Nxc5 Qa5+ 10. c3 Qxc5 11. O-O Nge7 12. Be3 Qd6 13. Nd2 O-O 14. Ne4 Qc7 15. Ng5 Bf5 16. Bf4 Qd7 17. Nf3 Ng6 18. Be3 Rad8 19. Nd4 Nxd4 20. Qxd4 b6 21. Rad1 Ne7 22. Bg5 f6 23. Be3 Bh3 24. Qf4 Bxg2 25. Kxg2 Ng6 26. Qd4 Ne5 27. Bf4 Nc6 28. Qa4 Qb7 29. Kg1 b5 30. Qb3 Ne7 31. Rfe1 Kh8 32. Re6 a5 33. a4 Ng6 34. Bd6 Rfe8 35. Rxe8+ Rxe8 36. Qxb5 Qxb5 37. axb5 Rd8 38. Rxd5 Ne7 39. Rd2 Nc8 40. Bf4 Rxd2 41. Bxd2 Kg8 42. c4 Kf7 43. Bxa5 Ke7 44. Bb4+ Kd7 45. Bc5 Kc7 46. Kg2 Nb6 47. Bxb6+ Kxb6 48. b4 f5 49. Kf3 g6 50. Kf4 h6 51. Ke5 h5 52. f4 h4 53. gxh4 g5 54. hxg5 1-0


[Site "https://www.chess.com"]

[Event "Titled Tuesday Blitz June 13 Early 2023"]
[White "Gomez Barrera, Javiera Belen"]
[Black "Semenova, Alina"]
[WhiteFideId "3418723"]
[BlackFideId "24113875"]
[WhiteElo "2119"]
[BlackElo "1833"]
[Result "1-0"]
[Round "11"]
[TimeControl "180+2"]
[Date "2023.06.13"]
[WhiteClock "0:00:52"]
[BlackClock "0:00:38"]
[Board "96"]

1. e4 e6 2. d4 d5 3. Nc3 Bb4 4. e5 c5 5. a3 Bxc3+ 6. bxc3 Ne7 7. Qg4 Kf8 8. h4 Nbc6 9. Bd2 Qa5 10. Nf3 Qa4 11. Ra2 b6 12. Bd3 Ba6 13. O-O Bxd3 14. cxd3 Qb5 15. dxc5 bxc5 16. c4 Qa4 17. Rc1 Qb3 18. Rac2 d4 19. Ng5 h6 20. Ne4 Nxe5 21. Qg3 Nxd3 22. Qc7 Nxc1 23. Rxc1 Qb6 24. Qg3 Nf5 25. Qh3 Ke7 26. g4 Nd6 27. Ng3 Qb3 28. Nf5+ exf5 29. Qxb3 Rab8 30. Re1+ Kd7 31. Qa4+ Kc8 32. Qa6+ Nb7 33. Re7 Rd8 34. Qc6# 1-0


[Site "https://www.chess.com"]

[Event "Titled Tuesday Blitz June 13 Early 2023"]
[White "Papayan, Oleg"]
[Black "Pakleza, Zbigniew"]
[WhiteFideId "4193911"]
[BlackFideId "1119290"]
[WhiteElo "2167"]
[BlackElo "2410"]
[Result "0-1"]
[Round "11"]
[TimeControl "180+2"]
[Date "2023.06.13"]
[WhiteClock "0:00:00"]
[BlackClock "0:01:43"]
[Board "97"]

1. e4 d6 2. d4 g6 3. Nc3 a6 4. a4 b6 5. Nf3 c6 6. h4 h6 7. h5 g5 8. Bd3 e6 9. Qe2 Bg7 10. Be3 Ne7 11. e5 d5 12. g4 Nd7 13. Nxg5 hxg5 14. Bxg5 c5 15. h6 cxd4 16. hxg7 Rxh1+ 17. Kd2 dxc3+ 18. bxc3 Rxa1 19. Bxe7 Kxe7 20. Qe3 Qg8 21. Qh6 Rh1 0-1


[Site "https://www.chess.com"]

[Event "Titled Tuesday Blitz June 13 Early 2023"]
[White "KorolDimitriy75"]
[Black "Kozak, Antoni"]
[BlackFideId "21832030"]
[WhiteElo "2434"]
[BlackElo "2470"]
[Result "0-1"]
[Round "11"]
[TimeControl "180+2"]
[Date "2023.06.13"]
[WhiteClock "0:00:06"]
[BlackClock "0:00:08"]
[Board "98"]

1. d4 b5 2. e4 a6 3. Bd3 Bb7 4. Qe2 g6 5. Nf3 Bg7 6. O-O d6 7. a4 b4 8. c3 e6 9. Bg5 Ne7 10. Nbd2 h6 11. Bh4 g5 12. Bg3 Nd7 13. Rad1 Ng6 14. e5 bxc3 15. bxc3 Nf4 16. Bxf4 gxf4 17. Rb1 Bc6 18. a5 dxe5 19. Nxe5 Bxe5 20. dxe5 Nc5 21. Bc4 Rg8 22. f3 Rg5 23. Rfd1 Qe7 24. Bxa6 Nxa6 25. Qc4 Qc5+ 26. Qxc5 Nxc5 27. Nc4 Bxf3 28. Rd2 Bd5 29. Nb2 Ne4 30. Rc2 f3 31. c4 Bc6 32. Rf1 fxg2 33. Re1 Rxa5 34. Nd3 Rg8 35. Nb4 Bb7 36. Rb2 Ng5 37. Nc2 Nh3# 0-1


[Site "https://www.chess.com"]

[Event "Titled Tuesday Blitz June 13 Early 2023"]
[White "Souleidis, Georgios"]
[Black "Mazurkiewicz, Michal"]
[WhiteFideId "4206827"]
[BlackFideId "1124943"]
[WhiteElo "2401"]
[BlackElo "2063"]
[Result "0-1"]
[Round "11"]
[TimeControl "180+2"]
[Date "2023.06.13"]
[WhiteClock "0:00:00"]
[BlackClock "0:00:05"]
[Board "99"]

1. e4 d6 2. d4 Nf6 3. Nc3 c6 4. f4 Qb6 5. h3 e5 6. Nf3 exd4 7. Qxd4 Qxd4 8. Nxd4 b5 9. a3 a6 10. g4 c5 11. Nf5 g6 12. Ng3 Nc6 13. Be3 Bg7 14. Bg2 Bb7 15. O-O-O O-O-O 16. g5 Ne8 17. Nd5 Nc7 18. Nb6+ Kb8 19. c3 Rhe8 20. Rhe1 Na5 21. Kc2 Ka7 22. Nd5 Nxd5 23. exd5 Nc4 24. Bc1 Nb6 25. Rxe8 Rxe8 26. Ne4 Bxd5 27. Re1 Bb7 28. Bd2 Nc4 29. Bh1 Kb6 30. Nf2 Rxe1 31. Bxe1 Bxh1 32. Nxh1 Ne3+ 33. Kd3 Nd5 34. Bd2 c4+ 35. Ke4 Ne7 36. Ng3 d5+ 37. Kf3 Kc5 38. h4 d4 39. cxd4+ Bxd4 40. Bc1 Kd5 41. h5 a5 42. h6 b4 43. axb4 axb4 44. Kg4 c3 45. bxc3 Bxc3 46. Ne4 Bd4 47. Kf3 b3 48. Ba3 b2 49. Nd2 Nf5 50. Nb1 Kc4 0-1


[Site "https://www.chess.com"]

[Event "Titled Tuesday Blitz June 13 Early 2023"]
[White "Camilla_Lee"]
[Black "Xie, Bryan"]
[BlackFideId "30941296"]
[WhiteElo "2570"]
[BlackElo "2033"]
[Result "0-1"]
[Round "11"]
[TimeControl "180+2"]
[Date "2023.06.13"]
[WhiteClock "0:02:07"]
[BlackClock "0:02:17"]
[Board "100"]

1. e4 c5 2. Nf3 e6 3. d4 cxd4 4. Nxd4 Nc6 5. Nc3 Qc7 6. Be3 a6 7. Qd2 Nf6 8. f3 b5 9. g4 Bb7 10. a3 Be7 11. h4 Nxd4 12. Qxd4 Rc8 13. Qd3 d5 14. g5 dxe4 15. fxe4 Ng4 16. Rh3 Nxe3 17. Qxe3 Bc5 18. Qg3 Qxg3+ 19. Rxg3 Bd4 20. Bd3 Rxc3 21. bxc3 Bxc3+ 22. Ke2 0-1


[Site "https://www.chess.com"]

[Event "Titled Tuesday Blitz June 13 Early 2023"]
[White "LangesNasenhaar"]
[Black "Chos, Alexey"]
[BlackFideId "14117762"]
[WhiteElo "2462"]
[BlackElo "2234"]
[Result "1-0"]
[Round "11"]
[TimeControl "180+2"]
[Date "2023.06.13"]
[WhiteClock "0:00:03"]
[BlackClock "0:00:00"]
[Board "101"]

1. d4 e5 2. dxe5 d6 3. Nf3 Nc6 4. Nc3 Bg4 5. h3 Bxf3 6. exf3 Nxe5 7. f4 Nc6 8. Bb5 Nf6 9. O-O d5 10. f5 Be7 11. Bf4 O-O 12. g4 a6 13. Ba4 d4 14. Ne2 b5 15. Bb3 Bd6 16. Nxd4 Na5 17. Qf3 c5 18. Rad1 Bxf4 19. Ne6 Qb8 20. Nxf8 Kxf8 21. Bd5 Ra7 22. Qc3 c4 23. Qxa5 h5 24. Bf3 Bc7 25. Qb4+ Kg8 26. g5 Ne8 27. g6 Nd6 28. gxf7+ Nxf7 29. Bd5 Kh7 30. Qc3 Be5 31. Qf3 Kh6 32. c3 Ng5 33. Qe3 Bf4 34. Qc5 Nxh3+ 35. Kh1 Ng5 36. Bg2 Rc7 37. Rd6+ Bxd6 38. Qxd6+ Kh7 39. f6 Kg8 40. fxg7 Kxg7 41. Bd5 Qc8 42. Bg2 Rd7 43. Qe5+ Kh7 44. Qxg5 Qe8 45. Bf3 Rg7 46. Qxh5+ Qxh5+ 47. Bxh5 Kh6 48. Bf3 Re7 49. Bg2 Kg5 50. Kg1 Kf4 51. Rd1 Re2 52. Rd4+ Ke5 53. Rd5+ Ke6 54. Rh5 Rxb2 55. Rh6+ Kd7 56. Rxa6 b4 57. cxb4 c3 58. Ra7+ Kd6 59. Be4 Re2 60. Bd3 Rd2 61. Bh7 Rd4 62. Ra6+ Kc7 63. Rf6 Rh4 64. Bc2 Rxb4 65. Kg2 Rb2 66. Be4 Re2 67. Bf5 Re5 68. Rf7+ Kd6 69. Bc2 Kc5 70. Bb3 Re2 71. Rc7+ 1-0


[Site "https://www.chess.com"]

[Event "Titled Tuesday Blitz June 13 Early 2023"]
[White "Aloma Vidal, Robert"]
[Black "Melikhov, Evgeny V."]
[WhiteFideId "2260409"]
[BlackFideId "4122046"]
[WhiteElo "2435"]
[BlackElo "2158"]
[Result "1-0"]
[Round "11"]
[TimeControl "180+2"]
[Date "2023.06.13"]
[WhiteClock "0:01:28"]
[BlackClock "0:01:02"]
[Board "102"]

1. e4 e5 2. Nf3 Nc6 3. Bc4 Nf6 4. d4 exd4 5. e5 d5 6. Bb5 Ne4 7. Nxd4 Bd7 8. Bxc6 bxc6 9. O-O Bc5 10. f3 Ng5 11. f4 Ne4 12. Be3 Qe7 13. Nd2 Nxd2 14. Qxd2 O-O 15. Rae1 Bb6 16. Nb3 f5 17. a4 Bxe3+ 18. Rxe3 Be6 19. Rc3 Qb4 20. Rxc6 Qxd2 21. Nxd2 Bd7 22. Rxc7 Bxa4 23. Ra1 Bb5 24. Raxa7 Rxa7 25. Rxa7 Rc8 26. c3 d4 27. cxd4 Rc2 28. Nf3 Rxb2 29. d5 h6 30. e6 Bc4 31. Ra8+ Kh7 32. e7 Bb5 33. e8=Q Bxe8 34. Rxe8 1-0


[Site "https://www.chess.com"]

[Event "Titled Tuesday Blitz June 13 Early 2023"]
[White "Rian, Kapriaga"]
[Black "Shuvalov, Evgenij"]
[WhiteFideId "7103263"]
[BlackFideId "4187237"]
[WhiteElo "2355"]
[BlackElo "2080"]
[Result "0-1"]
[Round "11"]
[TimeControl "180+2"]
[Date "2023.06.13"]
[WhiteClock "0:00:00"]
[BlackClock "0:00:38"]
[Board "103"]

1. d4 Nf6 2. c4 g6 3. Nc3 d5 4. Bg5 Bg7 5. Bxf6 Bxf6 6. cxd5 c5 7. Nf3 Bg4 8. dxc5 Nd7 9. Qa4 Bxf3 10. gxf3 O-O 11. Ne4 Bxb2 12. Rb1 Bg7 13. Rxb7 Nxc5 14. Nxc5 Bc3+ 15. Kd1 Qxd5+ 16. Kc2 Qxc5 17. Qb5 Qd4 18. Qd3 Qa4+ 19. Kxc3 Rac8+ 20. Kb2 Rfd8 21. Qb3 Rd2+ 22. Kb1 Rd1+ 23. Kb2 Qd4+ 24. Ka3 Rc3 25. e3 Qc5+ 26. Ka4 Rxb3 27. Rxb3 Rd2 28. a3 Rxf2 29. Bb5 Rxf3 30. Rd1 Rxe3 31. Rxe3 Qxe3 32. Rd8+ Kg7 33. Rd7 g5 34. Bc4 g4 0-1


[Site "https://www.chess.com"]